 Dungeon Crawl Stone Soup version 0.24.0-10-g970556be89 (webtiles) character file.

Game seed: 5117564498278613323, levelgen mode: deterministic

1031 Johnny the Slasher (level 8, -2/80 HPs)
             Began as a Troll Berserker on Nov 3, 2019.
             Was a Priest of Trog.
             Slain by an ogre
             ... wielding a +0 giant club
              (7 damage)
             ... on level 4 of the Dungeon.
             The game lasted 00:03:29 (2622 turns).

Johnny the Slasher (Troll Berserker)                Turns: 2622, Time: 00:03:29

Health: -2/80      AC:  6    Str: 28    XL:     8   Next: 3%
Magic:  7/7        EV: 11    Int:  3    God:    Trog [***...]
Gold:   174        SH:  0    Dex:  9    Spells: 7/7 levels left

rFire    . . .     SeeInvis .   a - +0 falchion
rCold    . . .     Gourm    +   (no shield)
rNeg     . . .     Faith    .   b - +0 animal skin
rPois    .         Spirit   .   (helmet restricted)
rElec    .         Reflect  .   (no cloak)
rCorr    .         Harm     .   (gloves unavailable)
MR       .....                  (boots unavailable)
Stlth    +.........             (no amulet)
HPRegen  0.63/turn              (no ring)
MPRegen  0.10/turn              (no ring)

@: berserk cooldown, slowed, very slow
A: large, unfitting armour, claws 3, fast metabolism 3, gourmand, regeneration
1, shaggy fur 1, tough skin 3
a: Berserk, Trog's Hand, Renounce Religion


You were on level 4 of the Dungeon.
You worshipped Trog.
Trog was most pleased with you.
You were not hungry.

You visited 1 branch of the dungeon, and saw 4 of its levels.

You collected 174 gold pieces.

Inventory:

Hand Weapons
 a - a +0 falchion (weapon)
Armour
 b - a +0 animal skin (worn)
Wands
 r - a wand of enslavement (8)
 s - a wand of paralysis (9)
Scrolls
 e - a scroll of remove curse {unknown}
 g - a scroll of amnesia {unknown}
 p - a scroll of enchant armour {unknown}
 q - 2 scrolls of identify {unknown}
 u - a scroll of teleportation {unknown}
Potions
 d - a potion of cancellation {unknown}
 f - 4 potions of heal wounds {unknown}
 h - a potion of agility {unknown}
 i - 2 potions of lignification {unknown}
 j - a potion of resistance {unknown}
 k - 3 potions of curing {unknown}
 l - a potion of invisibility {unknown}
 m - a potion of brilliance {unknown}
 n - a potion of ambrosia {unknown}
 o - a potion of haste {unknown}
 t - a potion of flight {unknown}
Comestibles
 c - 4 rations


   Skills:
 + Level 5.1 Fighting
 + Level 5.1 Long Blades
 + Level 5.1 Dodging


You had 7 spell levels left.
You didn't know any spells.
Your spell library was empty.

Dungeon Overview and Level Annotations

Branches:
Dungeon (4/15)             Temple (0/1) D:4

Altars:
Elyvilon
Hepliaklqana
Kikubaaqudgha
Nemelex Xobeh
Vehumet
Xom

Annotations:
D:4 exclusion: statue


Innate Abilities, Weirdness & Mutations

You are too large for most types of armour.
You have claws for hands.
Your metabolism is lightning-fast.
You like to eat raw meat.
Your natural rate of healing is unusually fast.
You are covered in fur. (AC +1)
You have extremely tough skin. (AC +3)


Message History

Aiming: Paralyse
Press: ? - help, Shift-Dir - straight line, f/p - ogre
Aim: an ogre, wielding a +0 giant club (moderately wounded, chance to defeat MR: 46%)
The ogre resists with some effort.
The ogre hits you with a +0 giant club!
* * * LOW HITPOINT WARNING * * *
Unknown command.
Evoke which item? (* to show all) (? for menu, Esc to quit)
Aiming: Paralyse
Press: ? - help, Shift-Dir - straight line, f/p - ogre
Aim: an ogre, wielding a +0 giant club (moderately wounded, chance to defeat MR: 46%)
The ogre resists with some effort.
The ogre closely misses you.
You riposte.
You closely miss the ogre.
The ogre is moderately wounded.
Unknown command.
Evoke which item? (* to show all) (? for menu, Esc to quit)
Aiming: Paralyse
Press: ? - help, Shift-Dir - straight line, f/p - ogre
Aim: an ogre, wielding a +0 giant club (moderately wounded, chance to defeat MR: 46%)
The ogre resists with some effort.
The ogre hits you with a +0 giant club!
You die...

###.............##
##.....#.....##
##.#######..# #..# #.#
##### . ##.# #.# ##..[## ..
#.#######.###.....#...
######.##..)......†.......
..........####.<#.........
######.....[....@O..?######
##########......#.....
####......._.8 #....#......
#....####### #......
##.....# ##...## #####


You could see an ogre.

Vanquished Creatures
  Pikel (D:4)
  Sigmund (D:2)
  Menkaure (D:4)
  A sky beast (D:4)
  A slave (D:4)
  A scorpion (D:4)
  An orc priest (D:3)
  An iguana (D:3)
  3 adders (D:2)
  An ooze (D:3)
  3 worms
  4 dart slugs
  2 leopard geckos
  4 orcs
  6 giant cockroaches
  5 goblins
  5 hobgoblins
  2 jackals (D:2)
  4 quokkas
  3 ball pythons
  8 bats
  4 frilled lizards
  7 kobolds
  5 rats
74 creatures vanquished.

Vanquished Creatures (others)
  An adder skeleton (D:4)
1 creature vanquished.

Grand Total: 75 creatures vanquished

Notes
Turn   | Place    | Note
-------+----------+-------------------------------------------
     0 | D:1      | Johnny the Troll Berserker began the quest for the Orb.
     0 | D:1      | Reached XP level 1. HP: 22/22 MP: 0/0
   152 | D:1      | Reached XP level 2. HP: 29/29 MP: 1/1
   178 | D:1      | Found a shimmering altar of Xom.
   180 | D:1      | Found a sparkling altar of Nemelex Xobeh.
   180 | D:1      | Found a white marble altar of Elyvilon.
   182 | D:1      | Found a hazy altar of Hepliaklqana.
   182 | D:1      | Found a shimmering altar of Xom.
   182 | D:1      | Found an ancient bone altar of Kikubaaqudgha.
   499 | D:1      | Reached ** piety under Trog
   934 | D:2      | Reached XP level 3. HP: 36/36 MP: 2/2
  1151 | D:2      | Reached XP level 4. HP: 31/45 MP: 3/3
  1288 | D:2      | Noticed Sigmund
  1308 | D:2      | Killed Sigmund
  1308 | D:2      | Reached XP level 5. HP: 49/54 MP: 4/4
  1822 | D:3      | Reached XP level 6. HP: 41/62 MP: 5/5
  1830 | D:3      | Reached *** piety under Trog
  2357 | D:4      | Noticed a sky beast
  2373 | D:4      | Killed a sky beast
  2382 | D:4      | Noticed a slave
  2382 | D:4      | Noticed a slave
  2384 | D:4      | Found a staircase to the Ecumenical Temple.
  2384 | D:4      | Noticed Pikel
  2384 | D:4      | Noticed a slave
  2384 | D:4      | Noticed a slave
  2393 | D:4      | Killed a slave
  2401 | D:4      | Killed Pikel
  2401 | D:4      | Reached XP level 7. HP: 13/71 MP: 6/6
  2601 | D:4      | Noticed Menkaure
  2605 | D:4      | Found a radiant altar of Vehumet.
  2611 | D:4      | Killed Menkaure
  2611 | D:4      | Reached skill level 5 in Fighting
  2611 | D:4      | Reached skill level 5 in Long Blades
  2611 | D:4      | Reached skill level 5 in Dodging
  2611 | D:4      | Reached XP level 8. HP: 17/80 MP: 7/7
  2620 | D:4      | HP: 3/80 [ogre/+0 giant club (8)]
  2622 | D:4      | Slain by an ogre

Levels and vault maps discovered:
D:1:      wander_arrival_desolate, layout_loops_corners, minmay_crystal_room,
          st_stairs_6, doesnt_xom_only_xom
D:2:      minmay_skewed_foursquare, layout_basic, uniq_sigmund
D:3:      layout_basic
D:4:      layout_rooms, vehumet_statue, temple_fountains, first_ration,
          uniq_pikel, uniq_menkaure

Skill      XL: |  1  2  3  4  5  6  7 |
---------------+----------------------+-----
Long Blades    | 3 4 5 |  5.1
Dodging        | 3 4 5 |  5.1
Fighting       | 3 4 5 |  5.1

Action                   |  1- 3 |  4- 6 |  7- 9 || total
-------------------------+-------+-------+-------++-------
Melee: Falchion          |   122 |   117 |    21 ||   260
Invok: Berserk           |       |     3 |     1 ||     4
Evoke: Wand              |       |       |     4 ||     4
 Stab: Sleeping          |     1 |       |       ||     1
  Eat: Chunk             |    15 |    12 |     2 ||    29
Armor: Animal skin       |    51 |    46 |     2 ||    99
Dodge: Dodged            |    77 |    77 |    13 ||   167
       Rpst.: Falchion   |    24 |    23 |     6 ||    53
